 Dungeon Crawl Stone Soup version 0.21.1-1-g345015f (webtiles) character file.

8082 frogsdev the Cleaver (level 11, 0/97 HPs)
             Began as a Hill Orc Fighter on Mar 30, 2018.
             Was an Elder of Beogh.
             Slain by Josephine
             ... wielding a +3 dagger of venom
              (3 damage)
             ... on level 11 of the Dungeon.
             The game lasted 00:41:26 (9307 turns).

frogsdev the Cleaver (Hill Orc Fighter)             Turns: 9307, Time: 00:41:26

Health: 0/97       AC: 17    Str: 28    XL:     11   Next: 25%
Magic:  11/11      EV:  7    Int:  8    God:    Beogh [****..]
Gold:   612        SH: 12    Dex: 10    Spells: 9/10 levels left

rFire    . . .     SeeInvis .   a - +0 war axe
rCold    . . .     Gourm    .   c - +1 shield
rNeg     . . .     Faith    .   p - +0 storm dragon scales
rPois    .         Spirit   .   P - +0 helmet
rElec    +         Reflect  .   H - +1 cloak
rCorr    +         Harm     .   (no gloves)
MR       .....                  J - +0 pair of boots
Stlth    ..........             (no amulet)
HPRegen  0.26/turn              M - ring of resist corrosion
MPRegen  0.12/turn              A - ring of flight

@: mighty, lethally poisoned (0 -> -24), heavily drained
A: no striking features
a: Smiting, Recall Orcish Followers, Renounce Religion, Evoke Flight


You were on level 11 of the Dungeon.
You worshipped Beogh.
Beogh was greatly pleased with you.
You were not hungry.

You visited 2 branches of the dungeon, and saw 12 of its levels.

You collected 612 gold pieces.

Inventory:

Hand Weapons
 a - a +0 war axe (weapon)
 y - a +2 morningstar of protection
 G - a +0 hand crossbow
Missiles
 d - 7 tomahawks (quivered)
 e - 46 bolts
Armour
 b - a +0 scale mail
 c - a +1 shield (worn)
 g - a +1 leather armour of cold resistance
 o - a +0 cloak
 p - +0 storm dragon scales (worn)
 w - a +0 helmet
 F - a +1 ring mail of cold resistance
 H - a +1 cloak (worn)
 J - a +0 pair of boots (worn)
 P - a +0 helmet (worn)
Jewellery
 i - an uncursed ring of wizardry
 A - a ring of flight (right hand)
 M - a ring of resist corrosion (left hand)
 O - a +6 ring of intelligence
Wands
 D - a wand of iceblast (9)
 N - a wand of digging (17)
 Q - a wand of disintegration (11)
Scrolls
 h - 7 scrolls of teleportation
 j - 7 scrolls of magic mapping
 k - 6 scrolls of identify
 l - 2 scrolls of blinking
 m - 2 scrolls of enchant armour
 s - 4 scrolls of amnesia
 v - 2 scrolls of fear
 z - 2 scrolls of remove curse
 C - 2 scrolls of immolation {unknown}
 L - a scroll of enchant weapon {unknown}
Potions
 n - a potion of degeneration {unknown}
 q - a potion of haste {unknown}
 r - 5 potions of curing {unknown}
 t - a potion of resistance {unknown}
 u - a potion of ambrosia {unknown}
 x - 6 potions of lignification {unknown}
 E - 4 potions of brilliance {unknown}
 K - a potion of mutation {unknown}
Books
 B - a book of Maledictions

   Spells                             Type                      Level
   a - Corona                         Hexes                        1
   b - Ensorcelled Hibernation        Hexes/Ice                    2
   c - Confuse                        Hexes                        3
   d - Tukima's Dance                 Hexes                        3
   e - Dazzling Spray                 Conjuration/Hexes            3
 I - a book of Necromancy

   Spells                             Type                      Level
   a - Pain                           Necromancy                   1
   b - Animate Skeleton               Necromancy                   1
   c - Vampiric Draining              Necromancy                   3
   d - Regeneration                   Charms/Necromancy            3
   e - Animate Dead                   Necromancy                   4
   f - Borgnjor's Vile Clutch         Necromancy/Earth             5
Comestibles
 f - 20 rations
 R - 2 chunks of flesh


   Skills:
 + Level 9.5(7.7) Fighting
 + Level 14.0(12.1) Axes
 + Level 0.1(0.0) Throwing
 + Level 8.1(6.4) Armour
 + Level 2.5(1.0) Dodging
 + Level 0.8(0.0) Stealth
 + Level 8.9(7.1) Shields
 + Level 1.2(0.0) Evocations


You had 9 spell levels left.
You knew the following spells:

 Your Spells              Type           Power        Failure   Level  Hunger
a - Corona                Hex            #......      99%         1    ##.....


Dungeon Overview and Level Annotations

Branches:
Dungeon (11/15)            Temple (0/1) D:7            Lair (0/6) D:10
    Orc (1/2) D:9

Altars:
Ashenzari
Cheibriados
Dithmenos
Elyvilon
Makhleb
Ru
Trog
Uskayaw
Wu Jian
Xom
Yredelemnul

Shops:
D:5 *

Annotations:
D:11 Josephine


Message History

* * * LOW HITPOINT WARNING * * *
The ghostly fireball engulfs Josephine.
Josephine completely resists.
* * * LOW HITPOINT WARNING * * *
You feel very sick.
* * * LOW HITPOINT WARNING * * *
You feel sick. Josephine hits you but does no damage.
You are more poisoned.
Unknown command.
* * * LOW HITPOINT WARNING * * *
You feel very sick. Josephine hits you but does no damage.
You are more poisoned.
There is a stone staircase leading up here.
You feel yourself speed up.
* * * LOW HITPOINT WARNING * * *
You feel very sick.
Josephine hits you with a dagger of venom.
* * * LOW HITPOINT WARNING * * *
Josephine hits you with a dagger of venom.
You die...

# #. #.##
##...##
#.#....W#####
......WWWF@.#
#.#...aW###@#
...#...## #.#
.#..... #.#
...##.. #.#
#. #.. #.# #
... ..# ....
###


You could see Josephine, 4 wraiths and a bullfrog.

Vanquished Creatures
  Pikel (D:6)
  A hippogriff (D:7)
  A spriggan (D:9)
  A wyvern (D:10)
  Eustachio (D:6)
  5 yaks (D:9)
  A steam dragon (D:10)
  A hungry ghost (D:8)
  Menkaure (D:7)
  2 orc warriors (D:9)
  2 sky beasts
  2 black bears
  A phantom (D:9)
  An eye of draining (D:9)
  3 ogres
  3 centaurs
  A crocodile (D:10)
  2 big kobolds (D:8)
  Blork the orc (D:5)
  5 bullfrogs
  A scorpion (D:6)
  A water moccasin skeleton (D:8)
  3 howler monkeys
  2 crimson imps
  A centaur zombie (D:6)
  A bullfrog zombie (D:4)
  5 jellies
  An orc priest (D:4)
  4 hounds
  2 bullfrog skeletons
  Crazy Yiuf (D:6)
  5 iguanas
  Ijyb (D:5)
  8 orc wizards
  7 worker ants
  A killer bee zombie (D:5)
  A hound skeleton (D:7)
  13 gnolls
  10 adders
  9 oozes (D:2)
  An adder zombie (D:7)
  A worm (D:3)
  2 dart slugs
  3 leopard geckos
  28 orcs
  2 ball pythons
  A giant cockroach (D:2)
  4 goblins
  3 hobgoblins
  3 jackals (D:8)
  3 quokkas
  6 bats
  9 frilled lizards
  26 kobolds
  5 rats
210 creatures vanquished.

Vanquished Creatures (collateral kills)
  An unseen horror (D:10)
  A deep elf mage (Orc:1)
  An orc sorcerer (Orc:1)
  A centaur skeleton (D:10)
  2 komodo dragons (D:10)
  2 tengu conjurers (D:10)
  2 trolls
  A yak (D:9)
  2 orc warriors (Orc:1)
  2 ice beasts
  2 phantoms
  A bullfrog (D:9)
  A crimson imp (D:9)
  An orc priest (Orc:1)
  A hound (D:10)
  A jelly (D:9)
  An iguana (D:9)
  An adder (D:9)
  An orc (Orc:1)
25 creatures vanquished.

Vanquished Creatures (others)
  An orc warrior (Orc:1)
  A slave (D:6)
  An orc priest (Orc:1)
  A centaur (D:6)
  A worker ant (D:6)
  An adder (D:3)
  6 orcs
  2 fungi (D:2)
  8 toadstools (D:2)
22 creatures vanquished.

Grand Total: 257 creatures vanquished

Notes
Turn   | Place    | Note
-------+----------+-------------------------------------------
     0 | D:1      | frogsdev the Hill Orc Fighter began the quest for the Orb.
     0 | D:1      | Reached XP level 1. HP: 19/19 MP: 1/1
    89 | D:1      | Reached skill level 3 in Axes
    89 | D:1      | Reached XP level 2. HP: 22/27 MP: 2/2
   688 | D:2      | Reached XP level 3. HP: 31/33 MP: 3/3
  1010 | D:2      | Reached skill level 4 in Axes
  1066 | D:2      | Reached XP level 4. HP: 29/40 MP: 4/4
  1082 | D:2      | Reached XP level 5. HP: 15/46 MP: 5/5
  1089 | D:2      | Reached skill level 5 in Axes
  1160 | D:3      | Found a sacrificial altar of Ru.
  2297 | D:3      | Found an ornate altar of the Wu Jian Council.
  2629 | D:3      | Reached XP level 6. HP: 53/53 MP: 6/6
  2673 | D:3      | Became a worshipper of Beogh the Brigand
  2966 | D:3      | Found a snail-covered altar of Cheibriados.
  3239 | D:4      | Reached skill level 6 in Axes
  3239 | D:4      | Reached skill level 5 in Shields
  3342 | D:4      | Found a shattered altar of Ashenzari.
  3668 | D:4      | Reached XP level 7. HP: 60/60 MP: 7/7
  3761 | D:5      | Entered Level 5 of the Dungeon
  3810 | D:5      | Reached skill level 5 in Fighting
  3871 | D:5      | Reached * piety under Beogh
  3886 | D:5      | Reached skill level 1 in Dodging
  3992 | D:5      | Reached skill level 7 in Axes
  3999 | D:5      | Learned a level 1 spell: Corona
  4003 | D:5      | Found a hide-covered altar of Uskayaw.
  4024 | D:5      | Found a bloodstained altar of Trog.
  4034 | D:5      | Found a white marble altar of Elyvilon.
  4094 | D:5      | Noticed Blork the orc
  4104 | D:5      | Killed Blork the orc
  4167 | D:5      | Found Zifygi's General Store.
  4240 | D:5      | Noticed Ijyb
  4247 | D:5      | Killed Ijyb
  4423 | D:5      | Reached XP level 8. HP: 25/68 MP: 8/8
  4425 | D:5      | Found a basalt altar of Yredelemnul.
  4790 | D:6      | Noticed Pikel
  4802 | D:6      | Killed Pikel
  4802 | D:6      | Reached skill level 9 in Axes
  4802 | D:6      | Reached skill level 5 in Armour
  5170 | D:6      | Found a shadowy altar of Dithmenos.
  5208 | D:6      | Reached XP level 9. HP: 49/75 MP: 9/9
  5250 | D:6      | Reached skill level 10 in Axes
  5294 | D:6      | Noticed Eustachio
  5317 | D:6      | Killed Eustachio
  5441 | D:6      | Found a shimmering altar of Xom.
  5505 | D:6      | Found a runed door.
  5728 | D:6      | Noticed Crazy Yiuf
  5732 | D:6      | Killed Crazy Yiuf
  5815 | D:7      | Reached ** piety under Beogh
  6077 | D:7      | Noticed Menkaure
  6082 | D:7      | Killed Menkaure
  6264 | D:7      | Found a staircase to the Ecumenical Temple.
  6409 | D:7      | Noticed a white ugly thing
  6412 | D:7      | HP: 1/79 [white ugly thing (25)]
  6639 | D:8      | Reached skill level 11 in Axes
  6979 | D:8      | Found a shadowy altar of Dithmenos.
  6990 | D:8      | Reached *** piety under Beogh
  7066 | D:8      | Reached XP level 10. HP: 85/88 MP: 10/10
  7131 | D:8      | Reached skill level 12 in Axes
  7228 | D:8      | You fall through a shaft!
  7286 | D:9      | Found a staircase to the Orcish Mines.
  7700 | D:9      | Reached skill level 13 in Axes
  7881 | D:9      | Found a burning altar of Makhleb.
  8027 | Orc:1    | Entered Level 1 of the Orcish Mines
  8027 | Orc:1    | Noticed an orc sorcerer
  8037 | Orc:1    | Reached **** piety under Beogh
  8046 | Orc:1    | Killed an orc sorcerer
  8073 | Orc:1    | Noticed a deep elf mage
  8074 | Orc:1    | Noticed a deep elf mage
  8074 | Orc:1    | Noticed a deep elf mage
  8074 | Orc:1    | Noticed a deep elf mage
  8074 | Orc:1    | Noticed a deep elf archer
  8075 | Orc:1    | Noticed a deep elf mage
  8080 | Orc:1    | Noticed a sun demon
  8080 | Orc:1    | Killed a deep elf mage
  8084 | Orc:1    | Noticed a smoke demon
  8469 | D:10     | Entered Level 10 of the Dungeon
  8527 | D:10     | Reached XP level 11. HP: 97/97 MP: 11/11
  8529 | D:10     | Reached skill level 1 in Evocations
  8565 | D:10     | Found a staircase to the Lair.
  8687 | D:10     | Killed an unseen horror
  8687 | D:10     | Reached skill level 14 in Axes
  9282 | D:11     | Noticed Josephine
  9307 | D:11     | HP: 3/97 [Josephine/dagger of venom (3)]
  9307 | D:11     | Slain by Josephine

Skill      XL: |  1  2  3  4  5  6  7  8  9 10 11 |
---------------+----------------------------------+-----
Axes           | 3 4 5 6 7 9 11 13 14 | 14.0
Fighting       | 4 5 6 7 9 |  9.5
Shields        | 4 5 6 7 8 |  8.9
Armour         | 4 5 6 7 8 |  8.1
Dodging        | 1 2 |  2.5
Evocations     | 1 |  1.2
Throwing       | |  0.1
Stealth        | |  0.8

Action                   |  1- 3 |  4- 6 |  7- 9 | 10-12 || total
-------------------------+-------+-------+-------+-------++-------
Melee: War axe           |    82 |   173 |   388 |   216 ||   859
Throw: Tomahawk          |       |       |       |     1 ||     1
Invok: Convert to Beogh  |       |     1 |       |       ||     1
Evoke: Wand              |       |       |       |     1 ||     1
  Use: Scroll            |     5 |     1 |    11 |     3 ||    20
       Potion            |     2 |     2 |     2 |     1 ||     7
  Eat: Chunk             |       |     2 |     9 |     4 ||    15
       Ration            |       |     2 |     2 |     1 ||     5
Armor: Scale mail        |     4 |       |       |       ||     4
       Leather armour    |    25 |       |       |       ||    25
       Storm dragon scal |     8 |    84 |   193 |    98 ||   383
Dodge: Dodged            |    22 |    32 |    94 |    63 ||   211
Block: Shield            |    51 |   124 |   224 |   114 ||   513
